 Dungeon Crawl Stone Soup version 0.14-a0-3367-g7c2a7eb (webtiles) character file.

101 MrRokkomies the Insei (level 3, 0/26 HPs)
             Began as a Demonspawn Transmuter on Mar 19, 2014.
             Killed by nerve-wracking pain
             ... invoked by Jessica
              (4 damage)
             ... on Level 2 of the Dungeon.
             The game lasted 00:03:57 (1067 turns).

MrRokkomies the Insei (Demonspawn Transmuter)       Turns: 1067, Time: 00:03:57

HP   0/26        AC  2     Str 10      XL: 3   Next: 21%
MP   6/6         EV 12     Int 15      God:
Gold 64          SH  0     Dex 13      Spells:  1 memorised,  5 levels left

rFire  . . .     SeeInvis .       - Unarmed
rCold  . . .     Clarity  .     c - +0 robe
rNeg   . . .     Conserve .     (no shield)
rPois  .         rCorr    .     (no helmet)
rElec  .         rRot     .     (no cloak)
SustAb . .       Spirit   .     (no gloves)
rMut   .         Warding  .     (no boots)
Saprov . . .     Stasis   .     (no amulet)
MR     .....                    (no ring)
                                i - ring of wizardry

@: not resistant to hostile enchantments, unstealthy
A: powered by death 1
a: no special abilities


You were on level 2 of the Dungeon.
You were hungry.

You visited 1 branch of the dungeon, and saw 2 of its levels.

You collected 64 gold pieces.

Inventory:

Missiles
 b - 12 arrows
 h - 5 needles of paralysis
 j - 20 darts of dispersal (quivered)
Armour
 c - a +0 robe (worn)
Comestibles
 a - 6 bread rations
 l - a rambutan
 m - 11 sultanas
 n - an apple
Scrolls
 o - a scroll of immolation {unknown}
 p - a scroll of noise {unknown}
Jewellery
 i - a ring of wizardry (left hand)
 k - an uncursed amulet of stasis {unknown}
Books
 d - a book of Changes

   Spells                             Type                      Level
   *Beastly Appendage                 Transmutation                1
   Sticks to Snakes                   Transmutation                2
   Spider Form                        Transmutation/Poison         3
   Ice Form                           Ice/Transmutation            4
   Blade Hands                        Transmutation                5


   Skills:
 - Level 1.0 Fighting
 * Level 2.3 Dodging
 + Level 3.4 Unarmed Combat
 - Level 2.0 Spellcasting
 - Level 2.0 Transmutations


You had 5 spell levels left.
You knew the following spells:

 Your Spells              Type           Power        Failure   Level  Hunger
a - Beastly Appendage     Trmt           #.....       4%          1    #......


Dungeon Overview and Level Annotations

Branches:
Dungeon (2/15)

Altars:

Annotations:
D:2 Jessica


Innate Abilities, Weirdness & Mutations

You can steal the life force of nearby defeated enemies.


Message History

As you read the scroll labeled SMEPEUNWAO, it crumbles to dust.
It is a scroll of recharging.
You aren't carrying any rechargeable items.
The adder bites you.
* * * LOW HITPOINT WARNING * * *
Jessica misses you.
Drink which item? (? for menu, Esc to quit)
Okay, then.
Drink which item? (? for menu, Esc to quit)
You feel better.
It was a potion of curing.
The adder barely misses you. Jessica barely misses you.
The adder closely misses you.
Read which item? (? for menu, Esc to quit)
As you read the scroll labeled PRANKI PRATS, it crumbles to dust.
The scroll dissolves into smoke.
It was a scroll of fog.
Jessica hits you with a club.
* * * LOW HITPOINT WARNING * * *
The adder closely misses you. Jessica hits you but does no damage.
Jessica casts a spell at you. Pain shoots through your body!
You die...

... ###..# ## #.## #.§.## #
#####..### ##'########### ###
#........# #............# #..
#........# #............# #..
#........# #.§§§........# +..
## #........####§§§§........#
#..
.###........'>##§S§§........+
#..
...%........#..#@§@§........#
#..
####........##.'§§§.........
##' #........####§§§........
#. #####+#### ######+#### ##
###.# # #... ####.#####
###........# ..#........###


You could see an adder and Jessica.

Vanquished Creatures
  An adder (D:2)
  An ooze (D:2)
  4 goblins
  2 hobgoblins
  4 bats
  2 giant cockroaches
  2 giant newts
  4 kobolds
  2 quokkas (D:2)
  4 rats
26 creatures vanquished.

Notes
Turn   | Place    | Note
--------------------------------------------------------------
     0 | D:1      | MrRokkomies, the Demonspawn Transmuter, began the quest for the Orb.
     0 | D:1      | Reached XP level 1. HP: 15/15 MP: 3/3
   218 | D:1      | Reached skill level 3 in Unarmed Combat
   412 | D:1      | Gained mutation: You can steal the life force of nearby defeated enemies. [demonic ancestry]
   412 | D:1      | Reached XP level 2. HP: 21/21 MP: 4/4
  1038 | D:2      | Noticed Jessica
  1055 | D:2      | Reached XP level 3. HP: 4/26 MP: 6/6
  1067 | D:2      | Killed from afar by Jessica

Action                   || total
-------------------------++-------
Melee: Unarmed           ||   102
 Cast: Beastly Appendage ||     5
  Use: Scroll            ||     5
       Potion            ||     1
